 Dungeon Crawl Stone Soup version 0.18.1-8-gdd0e5ea (webtiles) character file.

14271 georgeearnest the Blocker (level 12, -7/116 HPs)
             Began as a Hill Orc Fighter on June 9, 2016.
             Was a High Priest of Beogh.
             Mangled by a sun demon (16 damage)
             ... summoned by an orc sorcerer
             ... led by an orc warlord
             ... on level 2 of the Orcish Mines.
             The game lasted 00:24:27 (10938 turns).

georgeearnest the Blocker (Hill Orc Fighter)       Turns: 10938, Time: 00:24:28

Health: -7/116     AC: 23    Str: 22    XL:     12   Next: 14%
Magic:  21/21      EV: 12    Int: 10    God:    Beogh [*****.]
Gold:   1249       SH: 14    Dex:  9    Spells: 0 memorised, 11 levels left

rFire  . . .     SeeInvis .     M - +6 mace "Goblinbane" {flame, MP+9}
rCold  . . .     Gourm    .     m - +0 scale mail "Sureguhy" {-Tele rN+ Slay+3} (curse)
rNeg   + . .     Faith    .     c - +1 shield
rPois  +         Spirit   .     g - +2 hat
rElec  +         Dismiss  .     C - +2 cloak
rCorr  .         Reflect  .     k - +2 pair of gloves
SustAt .         Harm     .     (no boots)
MR     .....     NoTele   +     H - amulet of rage (curse)
Stlth  ++........               S - ring of stealth
                                U - ring of poison resistance

@: not resistant to hostile enchantments, unstealthy
A: walk on water, molten scales 1, rough black scales 1, clever 1, robust 1,
electricity resistance, weak 1
a: Smiting, Recall Orcish Followers, Give Item to Named Follower, Renounce
Religion, Evoke Berserk Rage


You were on level 2 of the Orcish Mines.
You worshipped Beogh.
Beogh was extremely pleased with you.
You were not hungry.

You visited 2 branches of the dungeon, and saw 13 of its levels.
You also visited: Bailey.

You collected 1249 gold pieces.

Inventory:

Hand Weapons
 r - a +0 hand axe
 M - the +6 mace "Goblinbane" (weapon) {flame, MP+9}
   (You took it off a crimson imp on level 7 of the Dungeon)

   It has been specially enchanted to burn those struck by it, causing extra
   injury to most foes and up to half again as much damage against particularly
   susceptible opponents.
   It affects your magic capacity (+9).
Armour
 b - a +0 scale mail
 c - a +1 shield (worn)
 g - a +2 hat (worn)
 k - a +2 pair of gloves (worn)
 l - a +4 ring mail of fire resistance
 m - the cursed +0 scale mail "Sureguhy" (worn) {-Tele rN+ Slay+3}
   (You took it off an orc on level 11 of the Dungeon)

   It affects your accuracy and damage with ranged weapons and melee attacks
   (+3).
   It protects you from negative energy.
   It prevents most forms of teleportation.
   It has a curse placed upon it.
 C - a +2 cloak (worn)
Jewellery
 H - a cursed amulet of rage (around neck)
 S - a ring of stealth (right hand)
 U - a ring of poison resistance (left hand)
Wands
 T - a wand of acid (6/15)
 Y - a wand of iceblast (6/15)
 Z - a wand of flame (23/48)
Scrolls
 e - 6 scrolls of magic mapping
 i - 3 scrolls of enchant armour
 v - a scroll of amnesia
 D - 6 scrolls of teleportation
 P - 2 scrolls of fear
Potions
 a - 3 potions of magic
 d - 2 potions of might
 f - 2 potions of lignification {unknown}
 h - a potion of resistance
 p - a potion of degeneration {unknown}
 q - a potion of curing
 t - 2 potions of brilliance {unknown}
 u - a potion of invisibility {unknown}
 w - 6 potions of flight
 F - 2 potions of haste
 O - a potion of experience {unknown}
Comestibles
 n - 15 royal jellies
 s - 3 meat rations
 z - 3 fruits
 A - 2 bread rations


   Skills:
 + Level 9.7 Fighting
 + Level 8.6(10.0) Axes
 + Level 6.5(8.0) Maces & Flails
 + Level 8.6 Armour
 + Level 7.6 Dodging
 + Level 2.1 Stealth
 + Level 11.5 Shields


You had 11 spell levels left.
You didn't know any spells.

Dungeon Overview and Level Annotations

Branches:
Dungeon (11/15)            Temple (0/1) D:5            Lair (0/8) D:8
    Orc (2/2) D:11
    Elf: Orc:2

Altars:
Cheibriados
Elyvilon
Kikubaaqudgha
Okawaru
Pakellas
Sif Muna
Vehumet
Yredelemnul
The Shining One
Beogh

Shops:
D:5 }   D:10 %   Orc:2 [


Innate Abilities, Weirdness & Mutations

You can walk on water.
You are partially covered in molten scales (AC +1).
You are partially covered in rough black scales (AC +4, Dex -1).
Your mind is acute. (Int +2)
You are robust (+10% HP).
You are resistant to electric shocks.
You are weak. (Str -2)


Message History

The smoke demon gestures at you. Something smites you!
* * * LOW HITPOINT WARNING * * *
You block the orc wizard's attack. The sun demon closely misses you.
You block the soul eater's attack.
The hellwing swoops through the air toward you!
You block the hellwing's attack.
The hellwing hits you but does no damage.
You see here a halberd.
You feel yourself speed up.
The orange demon disappears in a puff of smoke!
The orc sorcerer no longer looks unusually strong. x2
You block the sun demon's attack.
The orc high priest invokes the aid of Beogh against you.
Beogh smites you!
* * * LOW HITPOINT WARNING * * *
The sun demon hits you.
* * * LOW HITPOINT WARNING * * *
You are engulfed in flames!
You die...

..)))...........
...)().†.).......
3o.8.oo)o)..o§#.#
###oo.44....##
#...o4§4.....#
##.oTo##.#...#
##ooo4.......
#..33o......
#.)#@......#
..####)#<).......
......))))..##..##
....$........####
...$........##
......##...##
...... ##$##
...... ### ....#.


You could see an orc warlord, an orc knight, a soul eater, an orc high priest, a
sun demon, a hellwing, an ice devil, a troll, 2 orc sorcerers, 6 orc warriors
and 2 orc wizards.

Vanquished Creatures
  Erolcha (D:9)
  Harold (D:11)
  A centaur warrior (D:11)
  The ghost of raikaria the Destroyer, a novice HEAE of Okawaru (Bailey)
  A hill giant (D:10)
  An ugly thing (D:11)
  An elephant (D:8)
  Psyche (D:10)
  A two-headed ogre (D:9)
  Grinder (D:4)
  2 trolls (D:11)
  Sigmund (D:3)
  6 yaks
  Grum (D:9)
  3 hippogriffs
  A basilisk (D:11)
  2 wargs
  Edmund (D:6)
  A water moccasin (D:10)
  7 orc warriors
  4 sky beasts
  2 black bears
  2 ice beasts (D:10)
  A wasp (D:8)
  3 phantoms
  2 necrophages
  8 ogres
  4 wolves (D:9)
  3 centaurs
  2 crocodiles (D:8)
  A big kobold (D:7)
  2 giant frogs
  A gnoll sergeant (D:7)
  A water moccasin zombie (D:5)
  A wyvern zombie (D:10)
  8 killer bees
  3 wights (D:11)
  7 crimson imps
  A quasit (D:3)
  A giant frog zombie (D:6)
  A hound (D:11)
  4 jellies
  Crazy Yiuf (D:2)
  2 giant frog skeletons
  An orc priest (D:11)
  5 orc wizards
  Jessica (D:3)
  An iguana (D:6)
  Terence (D:3)
  Natasha (thrice) (D:4)
  10 worker ants
  2 killer bee zombies (D:7)
  A hound zombie (D:8)
  2 worker ant zombies
  Robin (D:2)
  27 gnolls
  11 adders
  4 shadow imps
  5 oozes (D:9)
  An adder skeleton (D:7)
  5 worms
  4 dart slugs
  4 giant geckos
  35 orcs
  4 giant cockroaches
  16 goblins
  24 hobgoblins
  12 jackals
  4 quokkas
  2 ball pythons
  7 bats
  4 giant newts
  A jackal zombie (D:5)
  20 kobolds
  A quokka skeleton (D:5)
  7 rats
326 creatures vanquished.

Vanquished Creatures (collateral kills)
  2 orc knights (Orc:2)
  An orc sorcerer (Orc:1)
  A warg (Orc:2)
  5 orc warriors
  3 ogres
  3 orc wizards
  2 orc priests
  2 gnolls (Orc:2)
  13 orcs
  2 jackals
34 creatures vanquished.

Vanquished Creatures (others)
  An orc sorcerer (Orc:2)
  5 orc warriors
  3 orc wizards (Orc:2)
  6 orc priests
  28 orcs
43 creatures vanquished.

Grand Total: 403 creatures vanquished

Notes
Turn   | Place    | Note
--------------------------------------------------------------
     0 | D:1      | georgeearnest the Hill Orc Fighter began the quest for the Orb.
     0 | D:1      | Reached XP level 1. HP: 19/19 MP: 1/1
   166 | D:1      | Reached XP level 2. HP: 27/27 MP: 2/2
   752 | D:2      | Reached XP level 3. HP: 10/33 MP: 3/3
  1160 | D:2      | Noticed Robin
  1166 | D:2      | Killed Robin
  1204 | D:2      | Reached XP level 4. HP: 40/40 MP: 4/4
  1210 | D:2      | Reached skill level 4 in Shields
  1355 | D:2      | Reached skill level 1 in Dodging
  1445 | D:2      | Reached XP level 5. HP: 37/47 MP: 5/5
  1564 | D:2      | Noticed Crazy Yiuf
  1574 | D:2      | Killed Crazy Yiuf
  2248 | D:3      | Noticed Terence
  2257 | D:3      | Killed Terence
  2303 | D:3      | Reached XP level 6. HP: 53/53 MP: 6/6
  2403 | D:3      | Noticed Jessica
  2416 | D:3      | Killed Jessica
  2654 | D:3      | Noticed Sigmund
  2664 | D:3      | Killed Sigmund
  2664 | D:3      | Reached skill level 5 in Shields
  2664 | D:3      | Reached XP level 7. HP: 51/60 MP: 7/7
  2880 | D:4      | Noticed Grinder
  2882 | D:4      | Paralysed by Grinder for 5 turns
  2890 | D:4      | Noticed Natasha
  2905 | D:4      | Killed Natasha
  2922 | D:4      | Paralysed by Grinder for 4 turns
  2938 | D:4      | Killed Grinder
  2938 | D:4      | Reached skill level 5 in Fighting
  2938 | D:4      | Reached skill level 5 in Axes
  2938 | D:4      | Reached skill level 5 in Armour
  3111 | D:4      | Noticed Natasha
  3136 | D:4      | Killed Natasha
  3314 | D:4      | Reached XP level 8. HP: 61/68 MP: 8/8
  3476 | D:4      | Noticed Natasha
  3483 | D:4      | Killed Natasha
  3499 | D:5      | Entered Level 5 of the Dungeon
  3881 | D:5      | Found an oddly glowing altar of Pakellas.
  3881 | D:5      | Found Pakellas's Prime Provisions.
  3893 | D:5      | Reached skill level 6 in Shields
  4066 | D:5      | Found a staircase to the Ecumenical Temple.
  4725 | D:6      | Found an ancient bone altar of Kikubaaqudgha.
  4730 | D:6      | Noticed Edmund
  4731 | D:6      | Found a white marble altar of Elyvilon.
  4744 | D:6      | Killed Edmund
  4744 | D:6      | Reached skill level 1 in Stealth
  4752 | D:6      | Reached XP level 9. HP: 53/75 MP: 9/9
  4755 | D:6      | Found a radiant altar of Vehumet.
  4755 | D:6      | Found a snail-covered altar of Cheibriados.
  4756 | D:6      | Found an oddly glowing altar of Pakellas.
  4762 | D:6      | Found a deep blue altar of Sif Muna.
  5153 | D:7      | Became a worshipper of Beogh the Brigand
  5598 | D:7      | Got a translucent mace {flame}
  5599 | D:7      | Identified the +6 mace "Goblinbane" {flame, MP+9} (You took it off a crimson imp on level 7 of the Dungeon)
  5713 | D:7      | Reached skill level 7 in Shields
  5832 | D:7      | Gained mutation: Your mind is acute. (Int +2) [mutagenic meat]
  5833 | D:7      | Gained mutation: Scrolls take you a little longer to read. [mutagenic meat]
  5834 | D:7      | Gained mutation: You occasionally shout uncontrollably at your foes. [mutagenic meat]
  5835 | D:7      | Gained mutation: Your mind is very acute. (Int +4) [mutagenic meat]
  5836 | D:7      | Lost mutation: Your mind is very acute. (Int +4) [mutagenic meat]
  5837 | D:7      | Gained mutation: You are robust (+10% HP). [mutagenic meat]
  6033 | D:8      | Found a staircase to the Lair.
  6039 | D:8      | Reached skill level 1 in Maces & Flails
  6072 | D:8      | Reached * piety under Beogh
  6091 | D:8      | Noticed an elephant
  6115 | D:8      | Killed an elephant
  6115 | D:8      | Reached skill level 5 in Dodging
  6115 | D:8      | Reached skill level 8 in Shields
  6115 | D:8      | Reached XP level 10. HP: 51/94 MP: 10/10
  7022 | D:9      | Gained mutation: You are resistant to electric shocks. [mutagenic meat]
  7024 | D:9      | Gained mutation: You are partially covered in molten scales (AC +1). [mutagenic meat]
  7091 | D:9      | Noticed Grum
  7114 | D:9      | Reached ** piety under Beogh
  7121 | D:9      | Killed Grum
  7145 | D:9      | Noticed Erolcha
  7155 | D:9      | Killed Erolcha
  7155 | D:9      | Reached skill level 9 in Shields
  7417 | D:9      | Found an iron altar of Okawaru.
  7417 | D:9      | Found a basalt altar of Yredelemnul.
  7449 | D:10     | Entered Level 10 of the Dungeon
  7619 | D:10     | Found a flagged portal.
  7640 | Bailey   | Entered a bailey
  7641 | Bailey   | Noticed raikaria's ghost (novice HEAE)
  7660 | Bailey   | Killed raikaria's ghost
  8113 | D:8      | Reached *** piety under Beogh
  8228 | D:8      | Reached XP level 11. HP: 104/104 MP: 11/11
  8320 | D:10     | Noticed Psyche
  8329 | D:10     | Killed Psyche
  8425 | D:10     | Reached skill level 10 in Shields
  8859 | D:10     | Noticed a hill giant
  8871 | D:10     | Killed a hill giant
  8871 | D:10     | Reached skill level 5 in Maces & Flails
  8952 | D:10     | Found a glowing golden altar of the Shining One.
  9007 | D:10     | Found Ninia's Food Shoppe.
  9244 | D:11     | Noticed a green ugly thing
  9258 | D:11     | Noticed Harold
  9266 | D:11     | Killed a green ugly thing
  9528 | D:11     | Killed Harold
  9534 | D:11     | Got a translucent scale mail
  9546 | D:11     | Identified the cursed +0 scale mail "Sureguhy" {-Tele rN+ Slay+3} (You took it off an orc on level 11 of the Dungeon)
  9556 | D:11     | Found a staircase to the Orcish Mines.
  9592 | D:11     | Reached **** piety under Beogh
  9721 | D:11     | Gained mutation: You expend magic power (3 MP) to strengthen your wands. [mutagenic meat]
  9722 | D:11     | Lost mutation: You expend magic power (3 MP) to strengthen your wands. [mutagenic meat]
  9723 | D:11     | Lost mutation: You occasionally shout uncontrollably at your foes. [mutagenic meat]
  9724 | D:11     | Gained mutation: You are agile. (Dex +2) [mutagenic meat]
  9725 | D:11     | Lost mutation: You are agile. (Dex +2) [mutagenic meat]
  9923 | D:11     | Noticed a centaur warrior
  9948 | D:11     | Killed a centaur warrior
 10102 | D:11     | Reached skill level 11 in Shields
 10304 | D:11     | Found a roughly hewn altar of Beogh.
 10465 | D:11     | Gained mutation: You are weak. (Str -2) [mutagenic meat]
 10466 | D:11     | Gained mutation: You are partially covered in rough black scales (AC +4, Dex -1). [mutagenic meat]
 10467 | D:11     | Lost mutation: Scrolls take you a little longer to read. [mutagenic meat]
 10471 | Orc:1    | Entered Level 1 of the Orcish Mines
 10471 | Orc:1    | Noticed an orc sorcerer
 10514 | Orc:1    | Reached XP level 12. HP: 113/115 MP: 12/12
 10520 | Orc:1    | Gained Morbeogh as an ally
 10537 | Orc:1    | Gained Wulfoc as an ally
 10875 | Orc:2    | Entered Level 2 of the Orcish Mines
 10908 | Orc:2    | Found Yrruc's Antique Armour Boutique.
 10911 | Orc:2    | Noticed an orc warlord
 10914 | Orc:2    | Noticed an orc high priest
 10915 | Orc:2    | Your ally Wulfoc died
 10918 | Orc:2    | Reached ***** piety under Beogh
 10921 | Orc:2    | Paralysed by an orc sorcerer for 4 turns
 10924 | Orc:2    | Your ally Morbeogh died
 10930 | Orc:2    | HP: 5/116 [orc wizard/magic dart (6)]
 10933 | Orc:2    | Noticed a soul eater
 10935 | Orc:2    | Noticed a sun demon
 10938 | Orc:2    | Mangled by a sun demon

Skill      XL: |  1  2  3  4  5  6  7  8  9 10 11 12 |
---------------+-------------------------------------+-----
Fighting       | 4 5 6 7 8 9 |  9.7
Axes           | 3 4 5 7 8 |  8.6
Shields        | 4 5 6 8 9 11 | 11.5
Armour         | 4 5 6 7 8 |  8.6
Dodging        | 1 2 3 4 5 6 7 |  7.6
Stealth        | 1 2 |  2.1
Maces & Flails | 2 4 6 |  6.5

Action                   |  1- 3 |  4- 6 |  7- 9 | 10-12 || total
-------------------------+-------+-------+-------+-------++-------
Melee: War axe           |   117 |   209 |   300 |       ||   626
       Mace              |       |       |    73 |   592 ||   665
       Hand axe          |       |       |    24 |       ||    24
Invok: Convert to Beogh  |       |       |     1 |       ||     1
  Use: Scroll            |       |       |     8 |    11 ||    19
       Potion            |       |       |       |    16 ||    16
 Stab: Paralysed         |       |       |       |     4 ||     4
       Distracted        |       |       |       |     1 ||     1
  Eat: Bread ration      |     1 |       |     1 |     3 ||     5
       Meat ration       |       |     1 |     1 |       ||     2
       Chunk             |       |       |     6 |    12 ||    18
       Beef jerky        |       |       |     1 |     2 ||     3
       Pizza             |       |       |       |     1 ||     1
Armor: Scale mail        |    52 |   123 |   184 |   257 ||   616
Dodge: Dodged            |    33 |    69 |   133 |   292 ||   527
Block: Shield            |    62 |   113 |   230 |   539 ||   944
